 Dungeon Crawl Stone Soup version 0.32-a0-485-g70f7560b1c (webtiles) character file.

Game seed: 7846959437536054199

359 cforsyth the Chopper (level 6, -1/48 HPs)
             Began as a Coglin Gladiator on Feb 27, 2024.
             Slain by an iguana (3 damage)
             ... on level 5 of the Dungeon.
             The game lasted 00:03:38 (3328 turns).

cforsyth the Chopper (Coglin Gladiator)             Turns: 3328, Time: 00:03:38

Health: -1/48      AC: 10    Str: 16    XL:     6   Next: 65%
Magic:  6/6        EV:  8    Int:  7    God:
Gold:   166        SH:  0    Dex: 16    Spells: 5/5 levels left

rFire   . . .        a - +0 war axe {Natsumi}
rCold   . . .        (no shield)
rNeg    . . .        n - +0 chain mail
rPois   .            c - +0 helmet
rElec   .            (no cloak)
rCorr   .            (no gloves)
SInv    .            (no boots)
Will    .....        (no amulet) Stlth
                     (ring unavailable)
HPRegen 0.28/turn    (ring unavailable)
MPRegen 0.10/turn

%: no passive effects
@: revved
A: off-hand wielding, slow wielding, warmup strikes, no rings
a: no special abilities


You were on level 5 of the Dungeon.
You visited 1 branch of the dungeon, and saw 5 of its levels.

You collected 166 gold pieces.


Innate Abilities, Weirdness & Mutations

You can wield a second weapon in your off-hand.
It takes a long time for you to wield or remove held weapons.
Your first few attacks do less damage.
Your grasper-arms cannot wear rings.


   Skills:
 + Level 4.2 Fighting
 + Level 4.7 Axes
 - Level 1.7 Throwing
 + Level 3.2 Armour
 - Level 2.6 Dodging


You had 5 spell levels left.
You didn't know any spells.
Your spell library contained the following spells:

 Spells                   Type           Power      Damage    Failure   Level
 Olgreb's Toxic Radiance  Alch           0%         N/A       100%        4
 Ozocubu's Refrigeration  Ice            0%         4d7       100%        7
 Discord                  Hex            0%         N/A       100%        8

Inventory:

Hand Weapons
 a - a +0 war axe (weapon) {Natsumi}
Missiles
 d - 3 throwing nets (quivered) {=f}
 e - a javelin
Armour
 b - a +0 leather armour
 c - a +0 helmet (worn)
 n - a +0 chain mail (worn)
Scrolls
 g - 5 scrolls of identify {unknown}
 h - a scroll of amnesia {unknown}
 j - a scroll of enchant armour {unknown}
 l - 2 scrolls of fear {unknown}
 m - 2 scrolls of poison {unknown}
 p - a scroll of vulnerability {unknown}
Potions
 f - 2 potions of heal wounds {unknown}
 i - 2 potions of lignification {unknown}
 k - a potion of enlightenment {unknown}
 o - 2 potions of curing {unknown}

Dungeon Overview and Level Annotations

Branches:
Dungeon (4/15)
 Temple: D:4-7

Altars:
Dithmenos
Makhleb
Okawaru

Annotations:
D:3 3 runed translucent doors, Gryn's ghost, amateur GnHs

#.......#.#.#
######......#
#...#.###
#.###.#
#.###.#
#..##.# #
#..##.#
#.##.##.#
#..@....#
#.l#.####
#....#
......#
####.#.#
#.#.# ....#
#. ##


You could see an iguana.


Message History

The iguana bites you!
* * * LOW HITPOINT WARNING * * *
You completely miss the iguana.
The iguana is lightly wounded.
The iguana bites you.
* * * LOW HITPOINT WARNING * * *
The iguana barely misses you.
You slash the iguana!
The iguana is heavily wounded.
The iguana bites you.
* * * LOW HITPOINT WARNING * * *
You hit the iguana.
The iguana is severely wounded.
The iguana barely misses you.
You hit the iguana.
The iguana is severely wounded.
The iguana closely misses you.
You barely miss the iguana.
The iguana is severely wounded.
The iguana bites you.
* * * LOW HITPOINT WARNING * * *
The iguana completely misses you.
You hit the iguana.
The iguana is almost dead.
The iguana bites you.
* * * LOW HITPOINT WARNING * * *
You closely miss the iguana.
The iguana is almost dead.
The iguana bites you.
You die...

Skill      XL: |  1  2  3  4  5  6 |
---------------+-------------------+-----
Armour         | 1 2 3 |  3.2
Fighting       | 3 4 |  4.2
Axes           | 4 |  4.7
Throwing       | |  1.7
Dodging        | |  2.6

Action                     |  1- 3 |  4- 6 || total
---------------------------+-------+-------++-------
  Melee: War axe           |   104 |   135 ||   239
   Stab: Sleeping          |     1 |     2 ||     3
 Armour: Leather armour    |    59 |    16 ||    75
         Chain mail        |       |   123 ||   123
  Dodge: Dodged            |    75 |    82 ||   157

Levels and vault maps discovered:
D:1:      elethiomel_arrival_maze, layout_loops_ring, minmay_misc_feat_alley,
          minmay_misc_feat_tower, minmay_strange_pillars
D:2:      layout_basic
D:3:      layout_basic, nicolae_dithmenos_the_darkroom,
          mainiacjoe_overflow_alcove_1, gammafunk_ghost_icy,
          dreamdust_ecumenical_altar_hidden_monk_grotto
D:4:      layout_layer_cave, okawaru_ov_weapons_minmay
D:5:      layout_basic, amcnicky_altar_gilded, minmay_misc_feat_four_crosses

Notes
Turn   | Place    | Note
-------+----------+-------------------------------------------
     0 | D:1      | cforsyth the Coglin Gladiator began the quest for the Orb.
     0 | D:1      | Reached XP level 1. HP: 16/16 MP: 1/1
   246 | D:1      | Reached XP level 2. HP: 22/22 MP: 2/2
   443 | D:1      | Reached skill level 1 in Armour
   689 | D:1      | Reached XP level 3. HP: 27/28 MP: 3/3
  1534 | D:2      | Reached XP level 4. HP: 29/34 MP: 4/4
  1703 | D:3      | Reached skill level 3 in Fighting
  1826 | D:3      | Found a shadowy altar of Dithmenos.
  1873 | D:3      | Noticed Gryn's ghost (amateur GnHs)
  1899 | D:3      | Found a runed translucent gate.
  1899 | D:3      | Found a runed translucent gate.
  1899 | D:3      | Found a runed translucent gate.
  1908 | D:3      | Found a burning altar of Makhleb.
  2329 | D:3      | Found a faded altar of an unknown god.
  2675 | D:3      | Reached skill level 2 in Armour
  2792 | D:4      | Found an iron altar of Okawaru.
  2815 | D:4      | Reached skill level 4 in Axes
  2815 | D:4      | Reached XP level 5. HP: 19/41 MP: 5/5
  3081 | D:4      | Reached XP level 6. HP: 43/48 MP: 6/6
  3191 | D:4      | You fall into a shaft and drop 1 floor!
  3191 | D:5      | Entered Level 5 of the Dungeon
  3220 | D:5      | Reached skill level 4 in Fighting
  3220 | D:5      | Reached skill level 3 in Armour
  3327 | D:5      | HP: 1/48 [iguana (4)]
  3328 | D:5      | Slain by an iguana

Vanquished Creatures
  A centaur (D:5)
  3 hounds
  An iguana (D:4)
  2 orc wizards
  3 adders
  3 ribbon worms
  3 dart slugs
  An orc (D:4)
  6 bats
  7 endoplasms
  2 giant cockroaches
  7 hobgoblins
  4 jackals (D:3)
  A quokka (D:3)
  5 ball pythons
  6 frilled lizards
  4 goblins
  8 kobolds
  10 rats
77 creatures vanquished.

Table legend: (Time is in decaauts)
 A = Elapsed time spent in this place.
 B = Non-inter-level travel time spent in this place.
 C = Inter-level travel time spent in this place.
 D = Time resting spent in this place.
 E = Time spent auto-exploring this place.
 F = Levels seen in this place.
 G = Mean time per level.
                   A        B        C        D        E       F      G
               +--------+--------+--------+--------+--------+-----+--------+
         Total |   3402 |   3245 |    157 |     26 |   2584 |   5 |  680.4 |
       Dungeon |   3402 |   3245 |    157 |     26 |   2584 |   5 |  680.4 |
               +--------+--------+--------+--------+--------+-----+--------+

Top non-repeatable levels by time:
     D:3: 1069 daAuts
     D:1: 880 daAuts
     D:2: 828 daAuts
     D:4: 475 daAuts
     D:5: 148 daAuts

Table legend:
 A = Non-vault XP
 B = Vault XP
 C = Vault XP percentage of total XP
 D = Non-vault monster count
 E = Vault monster count
 F = Vault count percentage of total count
                 A         B        C        D         E       F
            +---------+---------+-------+---------+---------+-------
      Total |     513 |       0 |   0.0 |      77 |       0 |   0.0
            +---------+---------+-------+---------+---------+-------
        D:1 |      35 |       0 |   0.0 |      21 |       0 |   0.0
        D:2 |      50 |       0 |   0.0 |      22 |       0 |   0.0
        D:3 |      69 |       0 |   0.0 |      19 |       0 |   0.0
        D:4 |     204 |       0 |   0.0 |      13 |       0 |   0.0
        D:5 |     155 |       0 |   0.0 |       2 |       0 |   0.0
            +---------+---------+-------+---------+---------+-------
